 Dungeon Crawl Stone Soup version 0.23-a0-512-g50a8178 (webtiles) character file.

27 theanonym the Skirmisher (level 2, -1/23 HPs)
             Began as a Mummy Warper on Dec 4, 2018.
             Slain by a rat (3 damage)
             ... on level 2 of the Dungeon.
             The game lasted 00:00:50 (925 turns).

theanonym the Skirmisher (Mummy Warper)              Turns: 925, Time: 00:00:51

Health: -1/23      AC:  5    Str: 14    XL:     2   Next: 93%
Magic:  5/5        EV: 10    Int: 12    God:
Gold:   56         SH:  0    Dex: 11    Spells: 6/6 levels left

rFire    x . .     SeeInvis .   a - +0 mace
rCold    + . .     Gourm    .   (no shield)
rNeg     + + +     Faith    .   c - +0 ring mail
rPois    ∞         Spirit   .   (no helmet)
rElec    .         Reflect  .   (no cloak)
rCorr    .         Harm     .   (no gloves)
MR       .....                  (no boots)
Stlth    +.........             (no amulet)
HPRegen  0.07/turn              (no ring)
MPRegen  0.09/turn              (no ring)

@: no status effects
A: no food or potions, fire vulnerability, cold resistance 1, negative energy
resistance 3, torment resistance, unbreathing
a: no special abilities


Innate Abilities, Weirdness & Mutations

You do not eat or drink.
Your flesh is vulnerable to fire.
You are immune to poison.
Your flesh is cold resistant. (rC+)
You are immune to negative energy. (rN+++)
You are immune to unholy pain and torment.
You can survive without breathing.


   Skills:
 + Level 2.8 Fighting
 + Level 2.3 Maces & Flails
 - Level 0.7 Throwing
 - Level 0.7 Armour
 - Level 1.5 Dodging
 - Level 2.6 Spellcasting
   Level 2.4 Translocations


You had 6 spell levels left.
You didn't know any spells.
Your spell library contained the following spells:

 Spells                   Type           Power        Failure   Level  Hunger
 Blink                    Tloc           N/A          28%         2    N/A
 Shroud of Golubria       Chrm/Tloc      #.........   43%         2    N/A
 Gell's Gravitas          Tloc           #.........   50%         3    N/A
 Lesser Beckoning         Tloc           #.........   50%         3    N/A
 Teleport Other           Tloc           #.......     50%         3    N/A
 Passage of Golubria      Tloc           N/A          88%         4    N/A

Skill      XL: |  1  2 |
---------------+-------+-----
Maces & Flails | 2 |  2.3
Fighting       | |  2.8
Throwing       | |  0.7
Armour         | |  0.7
Dodging        | |  1.5
Spellcasting   | |  2.6
Translocations | |  2.4

Action                   || total
-------------------------++-------
Melee: Mace              ||    94
Armor: Leather armour    ||     3
       Ring mail         ||    38
Dodge: Dodged            ||    83

Inventory:

Hand Weapons
 a - a +0 mace (weapon)
Missiles
 e - 5 tomahawks of dispersal (quivered)
Armour
 b - a +0 leather armour
 c - a +0 ring mail (worn)
   (You took it off a kobold on level 1 of the Dungeon)
Scrolls
 d - a scroll of teleportation {unknown}
 B - a scroll of blinking


You were on level 2 of the Dungeon.
You were not hungry.

You visited 1 branch of the dungeon, and saw 2 of its levels.

You collected 56 gold pieces.

Dungeon Overview and Level Annotations

Branches:
Dungeon (2/15)

Altars:

#.##.?.#...##.#
#....>.........
.....>.........
...............
.#..........!.(
.....?.........
#..............
#....)@.......
##...†r.......
##...........
##....######
###?.. .#### .
#


You could see a rat.

Notes
Turn   | Place    | Note
-------+----------+-------------------------------------------
     0 | D:1      | theanonym the Mummy Warper began the quest for the Orb.
     0 | D:1      | Reached XP level 1. HP: 16/16 MP: 4/4
    62 | D:1      | HP: 8/16 [dart slug/slug dart (2)]
    69 | D:1      | HP: 3/16 [goblin/+0 club (4)]
    82 | D:1      | HP: 3/16 [kobold (1)]
    86 | D:1      | Reached XP level 2. HP: 5/23 MP: 5/5
   369 | D:1      | Reached skill level 2 in Maces & Flails
   917 | D:2      | HP: 11/23 [rat (1)]
   922 | D:2      | HP: 5/23 [rat (2)]
   923 | D:2      | HP: 2/23 [rat (2)]
   925 | D:2      | Slain by a rat

Vanquished Creatures
  A dart slug (D:1)
  4 bats
  A giant cockroach (D:2)
  3 goblins (D:1)
  2 hobgoblins (D:1)
  A ball python (D:1)
  4 frilled lizards (D:1)
  8 kobolds
  2 rats (D:1)
26 creatures vanquished.

Table legend:
 A = Turns spent in this place as a percentage of turns spent in the entire game.
 B = Non-inter-level travel turns spent in this place as a percentage of non-inter-level travel turns spent in the entire game.
 C = Inter-level travel turns spent in this place as a percentage of turns spent in this place.
 D = Turns resting spent in this place as a percentage of non-inter-level travel turns spent in this place.
 E = Turns spent auto-exploring this place as a percentage of non-inter-level travel turns spent in this place.
 F = Non-inter-level travel turns spent in this place divided by the number of levels of this place that you've seen.
                   A       B       C       D       E      F
               +-------+-------+-------+-------+-------+----------------------
         Total | 100.0 | 100.0 |   2.7 |  28.4 |  52.7 | 450.0
       Dungeon | 100.0 | 100.0 |   2.7 |  28.4 |  52.7 | 450.0
               +-------+-------+-------+-------+-------+----------------------
